 Dungeon Crawl Stone Soup version 0.26.1-11-gd32895ea62 (webtiles) character file.

Game seed: 15696966385213958140

118 Zeld the Gusty (level 5, 0/29 HPs)
             Began as a Tengu Air Elementalist on Sept 10, 2021.
             Slain by a worm (7 damage)
             ... on level 2 of the Dungeon.
             The game lasted 00:03:08 (2213 turns).

Zeld the Gusty (Tengu Air Elementalist)             Turns: 2213, Time: 00:03:09

Health: 0/29       AC:  5    Str:  8    XL:     5   Next: 2%
Magic:  0/10       EV: 13    Int: 17    God:
Gold:   76         SH:  0    Dex: 14    Spells: 1/9 levels left

rFire    . . .     SeeInvis .   a - +0 dagger
rCold    . . .     Faith    .   (no shield)
rNeg     . . .     Spirit   .   f - +0 robe
rPois    .         Reflect  .   (helmet restricted)
rElec    .         Harm     .   (no cloak)
rCorr    .         Rampage  .   j - +2 pair of gloves
Will     .....                  (boots unavailable)
Stlth    ++........             (no amulet)
HPRegen  0.09/turn              (no ring)
MPRegen  0.12/turn              (no ring)

@: slowed, very slow
A: beak, talons 3, able to fly
a: Fly


You were on level 2 of the Dungeon.
You visited 1 branch of the dungeon, and saw 2 of its levels.

You collected 76 gold pieces.

Inventory:

Hand Weapons
 a - a +0 dagger (weapon)
Armour
 f - a +0 robe (worn)
 j - a +2 pair of gloves (worn)
Jewellery
 i - an uncursed ring of fire {unknown}
 k - an uncursed amulet of magic regeneration {unknown}
Scrolls
 c - a scroll of fear {unknown}
 e - a scroll of teleportation {unknown}
Potions
 b - a potion of curing {unknown}
 d - a potion of degeneration {unknown}
 g - a potion of brilliance {unknown}
 h - a potion of flight {unknown}


   Skills:
 + Level 1.3 Fighting
 + Level 1.3 Armour
 + Level 2.7 Dodging
 - Level 2.0 Stealth
 * Level 2.9 Spellcasting
 + Level 2.3 Conjurations
 * Level 5.0 Air Magic


You had one spell level left.
You knew the following spells:

 Your Spells              Type           Power        Failure   Level
a - Shock                 Conj/Air       60%          3%          1
b - Static Discharge      Conj/Air       15%          12%         3
c - Airstrike             Air            9%           22%         4

Your spell library contained the following spells:

 Spells                   Type           Power        Failure   Level
 Swiftness                Air            19%          3%          2
 Lightning Bolt           Conj/Air       7%           71%         5


Dungeon Overview and Level Annotations

Branches:
Dungeon (2/15)

Altars:

Annotations:
D:2 Terence


Innate Abilities, Weirdness & Mutations

You have a beak for a mouth.
You have claws for feet.
You can fly continuously.


Message History

The worm is moderately wounded.
Casting: Shock (safe; 3% risk of failure)
Confirm with . or Enter, or press ? or * to list all spells.
Aiming: Shock (safe; 3% risk of failure)
Press: ? - help, Shift-Dir - straight line, f/p - worm
Aim: a worm (moderately wounded, 10% to evade)
The zap misses the worm.
The worm completely misses you.
Unknown command.
You hit the worm but do no damage.
The worm is moderately wounded.
The worm bites you!
You hit the worm. You claw the worm. Your peck misses the worm.
The worm is moderately wounded.
The worm bites you.
* * * LOW HITPOINT WARNING * * *
Unknown command.
You hit the worm. You claw the worm! You peck the worm.
The worm is almost dead.
The worm bites you!
You die...

#.##..##.#..##..##.######.#.###
#.##..##.#.###..##.####.5.§....
#.##............##........#####
#...÷....#####.########.###
########†# #.# #.# #≈≈≈≈##.#
#.########.# ###≈≈≈#####
#.#........#
####≈≈≈≈≈≈≈≈≈###w#.########
≈≈≈≈≈≈#####≈≈≈≈#@#)# #≈≈≈###
#≈≈#####.# ###########≈≈≈# ##.#
# #≈≈≈≈≈######..#
##########≈≈≈≈≈#####
≈≈≈≈≈≈#######≈≈###
###≈≈≈≈≈≈≈≈≈≈#≈≈≈#
################


You could see a worm.

Vanquished Creatures
  Natasha (twice) (D:2)
  2 adders (D:2)
  A worm (D:2)
  3 dart slugs
  A leopard gecko (D:1)
  5 bats
  A giant cockroach (D:2)
  5 goblins (D:1)
  6 hobgoblins
  9 kobolds
  A quokka (D:2)
  3 frilled lizards
  2 rats
41 creatures vanquished.

Vanquished Creatures (others)
  3 plants (D:2)
3 creatures vanquished.

Grand Total: 44 creatures vanquished

Notes
Turn   | Place    | Note
-------+----------+-------------------------------------------
     0 | D:1      | Zeld the Tengu Air Elementalist began the quest for the
                  | Orb.
     0 | D:1      | Reached XP level 1. HP: 10/10 MP: 4/4
   186 | D:1      | Reached XP level 2. HP: 15/15 MP: 1/6
   768 | D:1      | Reached XP level 3. HP: 20/20 MP: 4/7
   772 | D:1      | Learned a level 3 spell: Static Discharge
  1470 | D:2      | Noticed Terence
  1897 | D:2      | Reached skill level 1 in Fighting
  1897 | D:2      | Reached XP level 4. HP: 17/25 MP: 3/9
  1902 | D:2      | Learned a level 4 spell: Airstrike
  2055 | D:2      | Noticed Natasha
  2074 | D:2      | Reached skill level 1 in Armour
  2080 | D:2      | Killed Natasha
  2173 | D:2      | Noticed Natasha
  2190 | D:2      | Killed Natasha
  2191 | D:2      | Reached skill level 5 in Air Magic
  2191 | D:2      | Gained mutation: You can fly continuously. [Tengu growth]
  2191 | D:2      | Reached XP level 5. HP: 15/29 MP: 0/10
  2213 | D:2      | Slain by a worm

Illustrated notes

Levels and vault maps discovered:
D:1:      scummos_arrival_star, layout_loops_ring
D:2:      layout_loops_ring, chequers_serial_rivers_large_b,
          chequers_mini_garden, kennysheep_flooded_box, kennysheep_cross_room,
          hangedman_glass_garden, serial_bayou_pond_b, uniq_terence,
          uniq_natasha, uniq_crazy_yiuf_cottage

Skill      XL: |  1  2  3  4 |
---------------+-------------+-----
Conjurations   | 2 |  2.3
Fighting       | 1 |  1.3
Armour         | 1 |  1.3
Air Magic      | 5 |  5.0
Dodging        | |  2.7
Stealth        | |  2.0
Spellcasting   | |  2.9

Action                   |  1- 3 |  4- 6 || total
-------------------------+-------+-------++-------
Melee: Dagger            |     6 |     9 ||    15
       Kick              |     3 |     3 ||     6
       Peck              |     1 |     1 ||     2
 Cast: Shock             |    78 |    24 ||   102
 Stab: Sleeping          |     1 |       ||     1
Armor: Robe              |     3 |     2 ||     5
Dodge: Dodged            |    12 |    12 ||    24
